 Dungeon Crawl Stone Soup version 0.18-a0-1145-g178b0c7 (webtiles) character file.

60 Ijustatesigmund the Skirmisher (level 3, -3/29 HPs)
             Began as a Demonspawn Abyssal Knight on Jan 22, 2016.
             Was a Believer of Lugonu.
             Killed by a spatial distortion (4 damage)
             ... on level 3 of the Dungeon.
             The game lasted 00:04:51 (1664 turns).

Ijustatesigmund the Skirmisher (DsAK)               Turns: 1664, Time: 00:04:51

Health: -3/29      AC:  5    Str: 12    XL:     3   Next: 82%
Magic:  4/5        EV: 11    Int: 13    God:    Lugonu [**....]
Gold:   131        SH:  0    Dex: 13    Spells: 0 memorised, 2 levels left

rFire  . . .     SeeInvis .     a - +1 mace
rCold  . . .     Gourm    .     b - +0 leather armour
rNeg   . . .     Faith    .     (no shield)
rPois  .         Spirit   .     i - +0 helmet
rElec  .         Dismiss  .     (no cloak)
rCorr  .         Reflect  .     (no gloves)
SustAt .         Harm     .     (no boots)
MR     .....                    (no amulet)
Stlth  +.........               (no ring)
                                (no ring)

@: not resistant to hostile enchantments, very unstealthy
A: molten scales 1, spiny 1
a: Depart the Abyss, Bend Space, Renounce Religion


You were on level 3 of the Dungeon.
You worshipped Lugonu.
Lugonu was pleased with you.
You were not hungry.

You visited 1 branch of the dungeon, and saw 3 of its levels.
You visited the Abyss 1 time.

You collected 131 gold pieces.

Inventory:

Hand Weapons
 a - a +1 mace (weapon)
Armour
 b - a +0 leather armour (worn)
 i - a +0 helmet (worn)
Scrolls
 d - a scroll of enchant armour {unknown}
 e - 3 scrolls of identify
 f - a scroll of immolation {unknown}
 h - a scroll of random uselessness {unknown}
 j - 2 scrolls of fog {unknown}
 k - a scroll of teleportation {unknown}
 l - a scroll of amnesia {unknown}
 n - a scroll of remove curse {unknown}
 o - a scroll of noise {unknown}
Potions
 p - a potion of resistance
Comestibles
 c - 3 bread rations
 g - a meat ration
 m - a chunk of flesh


   Skills:
 + Level 3.6 Fighting
 * Level 2.7 Maces & Flails
 - Level 1.7 Armour
 - Level 0.8 Dodging
 + Level 3.5 Invocations


You had 2 spell levels left.
You didn't know any spells.

Dungeon Overview and Level Annotations

Branches:
Dungeon (2/15)

Altars:
Ashenzari
Fedhas
Kikubaaqudgha
Yredelemnul

Annotations:
D:3 PeterLawrence's ghost, amateur GrFi


Innate Abilities, Weirdness & Mutations

You are partially covered in molten scales (AC +1).
You are partially covered in sharp spines.


Message History

An orc comes into view. It is wielding a trident.
There is an open door here.
The helpless orc fails to defend itself.
You hit the orc.
The orc is moderately wounded.
The orc barely misses you.
You hit the orc.
You kill the orc!
Lugonu accepts your kill.
PeterLawrence's ghost barely misses you.
Things that are here:
a trident; a leather armour; an orc corpse Space bends around you!
You blink.
* * * LOW HITPOINT WARNING * * *
You feel slightly more hungry. PeterLawrence's ghost stares at you.
PeterLawrence's ghost is struck by your spines.
PeterLawrence's ghost closely misses you.
Space bends around you!
You blink.
You die...

#...'.......
#.###....... #.#
#....... ######.#
#....... #.§..#.#
######## #W##.#.# # .#
##§## #.# #. #.# #...#
#.# .#.#####.# #@..# #.#
.......#.# #...# #.#
.........# #...#.#.#
.........# #...#.#.#
.........# #...#.#.#
.......†.#######...#.#(#
.......).....W.....#.#.#
.!#....#.######....#.#.#
. ##+###.# #....#.#.#


You could see PeterLawrence's ghost.

Vanquished Creatures
  3 giant geckos
  An orc (D:3)
  4 bats
  3 giant cockroaches
  7 hobgoblins
  4 jackals (D:2)
  4 kobolds
  2 ball pythons (D:1)
  4 giant newts
  10 goblins
  9 rats
51 creatures vanquished.

Notes
Turn   | Place    | Note
--------------------------------------------------------------
     0 | Abyss:1  | Ijustatesigmund the Demonspawn Abyssal Knight began the quest for the Orb.
     0 | Abyss:1  | Reached XP level 1. HP: 18/18 MP: 2/2
    28 | Abyss:1  | Noticed a flying skull
   103 | Abyss:1  | Noticed a five-headed hydra skeleton
   104 | D:1      | Escaped the Abyss
   377 | D:1      | Reached * piety under Lugonu
   402 | D:1      | Gained mutation: You are partially covered in sharp spines. [demonic ancestry]
   402 | D:1      | Reached XP level 2. HP: 13/24 MP: 3/3
   967 | D:2      | Gained mutation: You are partially covered in molten scales (AC +1). [demonic ancestry]
   967 | D:2      | Reached XP level 3. HP: 29/29 MP: 5/5
  1065 | D:2      | Reached ** piety under Lugonu
  1078 | D:2      | Found a basalt altar of Yredelemnul.
  1081 | D:2      | Found a blossoming altar of Fedhas.
  1198 | D:2      | Found an ancient bone altar of Kikubaaqudgha.
  1531 | D:2      | You fall through a shaft!
  1552 | D:3      | Found a shattered altar of Ashenzari.
  1635 | D:3      | Noticed PeterLawrence's ghost (amateur GrFi)
  1663 | D:3      | HP: 1/29 [spatial distortion (3)]
  1664 | D:3      | Killed by a spatial distortion

Vault maps used:
D:1:      zaba_arrival_water
D:2:      marbit_many_paths, lemuel_crystal_altar, yredelemnul_altar_generic,
          kiku_gazebo_pond_becter, minmay_item_behind_shaft,
          kennysheep_crisscross
D:3:      ashenzari_altar_1, first_bread

Action                   || total
-------------------------++-------
Melee: Mace              ||    71
Invok: Depart the Abyss  ||     1
       Bend Space        ||     3
  Use: Scroll            ||     2
 Stab: Sleeping          ||     1
  Eat: Chunk             ||     3
